 Dungeon Crawl Stone Soup version 0.23-a0-356-g1757c6e (webtiles) character file.

23 Cryolive the Digger (level 2, -5/15 HPs)
             Began as a Gargoyle Earth Elementalist on Oct 21, 2018.
             Slain by a worm (9 damage)
             ... on level 2 of the Dungeon.
             The game lasted 00:02:14 (989 turns).

Cryolive the Digger (Gargoyle Earth Elementalist)    Turns: 989, Time: 00:02:14

Health: -5/15      AC:  5    Str: 11    XL:     2   Next: 95%
Magic:  5/5        EV: 12    Int: 15    God:
Gold:   35         SH:  0    Dex: 10    Spells: 5/6 levels left

rFire    . . .     SeeInvis .   f - +0 club
rCold    . . .     Gourm    .   (no shield)
rNeg     + . .     Faith    .   c - +0 robe
rPois    ∞         Spirit   .   (no helmet)
rElec    +         Reflect  .   (no cloak)
rCorr    .         Harm     .   e - +0 pair of gloves
MR       .....                  (no boots)
Stlth    ++........             (no amulet)
HPRegen  0.05/turn              (no ring)
MPRegen  0.09/turn              (no ring)

@: no status effects
A: negative energy resistance 1, electricity resistance, unbreathing,
petrification resistance, rot immunity, AC +2
a: no special abilities


You were on level 2 of the Dungeon.
You were not hungry.

You visited 1 branch of the dungeon, and saw 2 of its levels.

You collected 35 gold pieces.

Inventory:

Hand Weapons
 f - a +0 club (weapon)
Missiles
 b - 95 stones (quivered)
Armour
 c - a +0 robe (worn)
 e - a +0 pair of gloves (worn)
Scrolls
 a - 2 scrolls of identify {unknown}
 g - a scroll of fog {unknown}
Comestibles
 d - 2 rations


   Skills:
 - Level 1.6 Dodging
 - Level 2.1 Stealth
 + Level 2.6 Spellcasting
   Level 0.7 Transmutations
 + Level 4.2 Earth Magic


You had 5 spell levels left.
You knew the following spells:

 Your Spells              Type           Power        Failure   Level  Hunger
a - Sandblast             Erth           ##....       3%          1    #......

Your spell library contained the following spells:

 Spells                   Type           Power        Failure   Level  Hunger
 Passwall                 Tmut/Erth      #.......     12%         2    ###....
 Stone Arrow              Conj/Erth      #.....       26%         3    ###....
 Petrify                  Tmut/Erth      #.......     58%         4    #####..
 Lee's Rapid Deconstruct  Erth           ##........   69%         5    ######.


Dungeon Overview and Level Annotations

Branches:
Dungeon (2/15)

Altars:


Innate Abilities, Weirdness & Mutations

You are resistant to torment.
Your stone body is resilient. (AC +2)
You are immune to poison.
You resist negative energy. (rN+)
You are resistant to electric shocks. (rElec)
You can survive without breathing.
You are immune to petrification.
You are immune to rotting.


Message History

You hit the worm but do no damage.
The worm is moderately wounded.
The worm bites you.
You barely miss the worm.
The worm is lightly wounded.
The worm barely misses you.
You hit the worm.
The worm is lightly wounded.
The worm bites you.
* * * LOW HITPOINT WARNING * * *
You hit the worm.
The worm is moderately wounded.
The worm barely misses you.
You hit the worm.
The worm is moderately wounded.
You hit the worm but do no damage.
The worm is moderately wounded.
The worm bites you!
Ouch! That really hurt!
You die...

### ... #...## ...
##.....# # #..$.... ##..
#....... .... #..... ###(
#... ... #.#####.# ...
#....@w.# #.#
#######.####.. #### #.#
###..........<. ...###.#
#.....#........
##..##.#####.....#.#######
(#..##.#.............
.##)##....##>....###.
..#........#.....# .#
##...##....###.### #


You could see a worm.

Vanquished Creatures
  2 dart slugs (D:1)
  A leopard gecko (D:2)
  A giant cockroach (D:1)
  2 goblins
  3 jackals (D:2)
  A kobold (D:1)
  3 bats (D:1)
  A frilled lizard (D:1)
  4 rats
18 creatures vanquished.

Notes
Turn   | Place    | Note
-------+----------+-------------------------------------------
     0 | D:1      | Cryolive the Gargoyle Earth Elementalist began the quest
                  | for the Orb.
     0 | D:1      | Reached XP level 1. HP: 10/10 MP: 3/3
   221 | D:1      | Reached XP level 2. HP: 10/15 MP: 5/5
   274 | D:1      | Reached skill level 4 in Earth Magic
   989 | D:2      | Slain by a worm

Vault maps used:
D:1:      minmay_arrival_wavy_path
D:2:      chequers_temple_overflow_minitemple, chequers_ecumenical_altar_island,
          minmay_ruptured

Skill      XL: |  1  2 |
---------------+-------+-----
Earth Magic    | 4 |  4.2
Dodging        | |  1.6
Stealth        | |  2.1
Spellcasting   | |  2.6
Transmutations | |  0.7

Action                   || total
-------------------------++-------
Melee: Club              ||    87
       Unarmed           ||     3
 Cast: Sandblast         ||     3
 Stab: Sleeping          ||     2
Armor: Robe              ||    38
Dodge: Dodged            ||    59

Table legend:
 A = Non-vault XP
 B = Vault XP
 C = Vault XP percentage of total XP
 D = Non-vault monster count
 E = Vault monster count
 F = Vault count percentage of total count
                 A         B        C        D         E       F
            +---------+---------+-------+---------+---------+-------
      Total |      33 |       0 |   0.0 |      18 |       0 |   0.0
            +---------+---------+-------+---------+---------+-------
        D:1 |      21 |       0 |   0.0 |      12 |       0 |   0.0
        D:2 |      12 |       0 |   0.0 |       6 |       0 |   0.0
            +---------+---------+-------+---------+---------+-------
